Map: Galactic Process LE

Players

LiquidMaNa (MaNa)

  • Race: Protoss Protoss
  • League: Master

Reynor - Winner!

  • Race: Zerg Zerg
  • League: Master

Event: DreamHack ZOWIE Open Valencia 2016

VOD

Have the link to the VOD?

Description

Time

  • Played on: July 14, 2016, 1:33 p.m.
  • Length: 14:52

All games in this series

Show
View Real Time Build Order
Export as new Build Order

LiquidMaNa Protoss 

Build Orders: 1 Gate Expand 

Get SALT Encoding   

  12  0:01  Probe (Chrono Boost)  
  13  0:11  Probe (Chrono Boost)  
  14  0:20  Pylon  
  14  0:22  Probe (Chrono Boost)  
  15  0:38  Probe (Chrono Boost)  
  16  0:42  Gateway  
  16  0:49  Probe (Chrono Boost)  
  17  0:51  Assimilator  
  17  1:00  Probe (Chrono Boost)  
  18  1:10  Probe (Chrono Boost)  
  19  1:24  Nexus  
  19  1:34  Cybernetics Core  
  19  1:42  Probe (Chrono Boost)  
  19  1:45  Assimilator  
  20  1:50  Pylon  
  21  1:54  Probe (Chrono Boost)  
  21  2:05  Probe (Chrono Boost)  
  21  2:06  Adept  
  24  2:19  Mothership Core (Chrono Boost)  
  26  2:25  Warp Gate  
  26  2:33  Gateway  
  26  2:36  Probe (Chrono Boost)  
  27  2:37  Probe (Chrono Boost)  
  27  2:41  Stalker  
  28  2:49  Probe (Chrono Boost)  
  31  2:53  Probe (Chrono Boost)  
  32  3:02  Probe (Chrono Boost)  
  32  3:05  Pylon, Probe (Chrono Boost)  
  34  3:09  Sentry  
  36  3:14  Probe (Chrono Boost)  
  37  3:24  Probe (Chrono Boost)  
  37  3:25  Probe (Chrono Boost)  
  39  3:28  Stargate  
  39  3:36  Probe (Chrono Boost)  
  39  3:39  Adept  
  39  3:41  Adept  
  44  3:43  Probe (Chrono Boost)  
  44  3:46  Probe (Chrono Boost)  
  46  3:51  Pylon  
  46  3:56  Probe (Chrono Boost)  
  46  3:57  Probe (Chrono Boost)  
  48  4:07  Oracle  
  48  4:10  Gateway  
  48  4:13  Probe (Chrono Boost)  
  48  4:15  Probe (Chrono Boost)  
  53  4:25  Pylon  
  53  4:26  Probe (Chrono Boost)  
  53  4:28  Probe (Chrono Boost)  
  53  4:29  Adept x2  
  59  4:39  Probe (Chrono Boost)  
  59  4:41  Pylon, Probe (Chrono Boost)  
  61  4:48  Nexus  
  61  4:55  Adept  
  61  4:56  Adept  
  65  5:01  Probe (Chrono Boost)  
  65  5:02  Probe (Chrono Boost)  
  67  5:11  Probe (Chrono Boost)  
  68  5:14  Probe (Chrono Boost)  
  68  5:21  Adept x2  
  68  5:22  Oracle, Probe (Chrono Boost)  
  68  5:24  Pylon  
  69  5:31  Probe (Chrono Boost)  
  69  5:32  Probe (Chrono Boost)  
  71  5:38  Forge, Assimilator  
  71  5:39  Assimilator  
  70  5:43  Probe (Chrono Boost)  
  70  5:44  Probe (Chrono Boost)  
  70  5:47  Sentry x2  
  70  5:49  Gateway  
  69  5:51  Gateway  
  69  5:53  Probe (Chrono Boost)  
  69  5:56  Protoss Ground Weapons Level 1, Probe (Chrono Boost)  
  67  5:58  Sentry  
  69  6:10  Gateway  
  69  6:16  Probe (Chrono Boost)  
  69  6:19  Pylon  
  69  6:24  Zealot x3  
  75  6:27  Probe (Chrono Boost)  
  75  6:28  Probe (Chrono Boost)  
  75  6:32  Nexus  
  77  6:38  Oracle  
  77  6:39  Probe (Chrono Boost)  
  72  6:43  Probe (Chrono Boost)  
  75  6:51  Probe (Chrono Boost)  
  75  6:53  Sentry x2, Zealot  
  75  6:54  Zealot x2  
  83  6:55  Probe (Chrono Boost)  
  77  7:04  Probe (Chrono Boost)  
  77  7:07  Probe (Chrono Boost), Twilight Council  
  78  7:14  Photon Cannon  
  78  7:16  Pylon  
  78  7:17  Pylon  
  78  7:22  Probe x2 (Chrono Boost)  
  80  7:24  Zealot x3  
  80  7:29  Pylon  
  86  7:37  Photon Cannon, Zealot x2  
  86  7:38  Zealot  
  86  7:40  Protoss Ground Weapons Level 2  
  86  7:41  Probe x2 (Chrono Boost)  
  94  7:44  Photon Cannon  
  94  7:45  Zealot x3  
  100  7:52  Charge  
  102  7:59  Probe x2 (Chrono Boost)  
  102  8:09  Assimilator  
  102  8:11  Assimilator  
  102  8:21  Zealot x5  
  102  8:22  Zealot  
  115  8:27  Probe (Chrono Boost)  
  107  8:34  Probe (Chrono Boost)  
  107  8:35  Probe (Chrono Boost)  
  107  8:37  Phoenix  
  104  8:46  Templar Archives  
  104  8:47  Sentry x3, Zealot x3  
  116  8:59  Robotics Facility  
  116  9:02  Nexus  
  116  9:07  Robotics Facility  
  116  9:12  Pylon  
  116  9:13  Pylon  
  116  9:27  Phoenix  
  116  9:28  Stargate  
  118  9:33  High Templar x3  
  118  9:34  High Templar  
  118  9:37  Archon  
  118  9:38  Zealot x2, Archon  
  126  10:14  Pylon  
  125  10:15  Pylon  
  125  10:17  Pylon  
  125  10:19  Pylon, Stalker x2, High Templar x2  
  125  10:20  Stalker, Zealot  
  129  10:24  Archon  
  95  10:40  Photon Cannon  
  95  10:42  Photon Cannon  
  79  10:45  Stalker  
  79  10:46  Stalker x3  
  80  10:51  Probe (Chrono Boost)  
  80  10:55  Probe (Chrono Boost)  
  64  10:57  Probe (Chrono Boost)  
  64  11:03  Probe (Chrono Boost)  
  58  11:06  Probe (Chrono Boost)  
  58  11:09  Probe (Chrono Boost)  
  58  11:15  Pylon, Probe (Chrono Boost)  
  58  11:16  Probe (Chrono Boost)  
  58  11:17  Zealot x6  
  71  11:24  Probe (Chrono Boost)  
  73  11:26  Observer, Probe (Chrono Boost)  
  73  11:27  Probe (Chrono Boost)  
  73  11:28  Probe (Chrono Boost), Phoenix  
  73  11:32  Phoenix  
  76  11:35  Probe (Chrono Boost)  
  80  11:40  Probe (Chrono Boost)  
  78  11:57  Phoenix  
  79  12:09  Zealot x4  
  87  12:18  Zealot x2  
  91  12:29  Immortal  
  88  12:47  Immortal  
  92  13:10  Immortal  
  93  13:21  Immortal  
  87  13:41  Zealot x3  
  91  13:56  Pylon  
  91  13:57  Pylon  
  91  14:13  Observer  
  92  14:25  Zealot  
  94  14:50  Nexus  
Show
View Real Time Build Order
Export as new Build Order

Reynor Zerg - Winner!

Build Orders: Pool First, Lurkers 

Get SALT Encoding   

  12  0:01  Drone  
  13  0:12  Overlord  
  13  0:17  Drone  
  14  0:23  Extractor  
  14  0:24  Drone  
  15  0:31  Drone  
  16  0:36  Drone  
  17  0:44  Extractor  
  17  0:45  Drone  
  17  0:52  Spawning Pool  
  17  0:56  Drone  
  17  1:07  Drone  
  18  1:20  Drone  
  19  1:28  Overlord  
  19  1:38  Hatchery  
  18  1:43  Queen  
  20  1:50  Metabolic Boost  
  21  1:54  Zergling x2  
  21  1:56  Zergling x2  
  21  2:00  Drone  
  23  2:12  Drone  
  24  2:19  Queen  
  26  2:23  Zergling x2  
  26  2:25  Evolution Chamber  
  26  2:34  Zergling x2  
  27  2:44  Zergling x2  
  28  2:51  Zergling x6  
  28  2:52  Zergling x2  
  28  2:58  Drone  
  33  3:00  Overlord  
  32  3:06  Zergling x2  
  32  3:12  Hatchery  
  32  3:15  Zergling x2  
  32  3:18  Drone  
  34  3:22  Drone  
  35  3:29  Drone  
  35  3:30  Drone x2  
  38  3:37  Overlord  
  38  3:47  Zerg Melee Weapons Level 1, Overlord  
  38  3:56  Drone x3  
  38  3:57  Drone  
  42  4:02  Overlord  
  42  4:04  Drone  
  42  4:07  Drone  
  42  4:08  Zergling x2  
  45  4:12  Spore Crawler  
  45  4:15  Drone  
  45  4:19  Spore Crawler  
  45  4:20  Zergling x2  
  45  4:21  Drone  
  45  4:23  Drone  
  47  4:25  Drone  
  47  4:31  Queen  
  48  4:33  Drone  
  48  4:35  Drone  
  51  4:38  Zergling x2  
  51  4:39  Drone  
  51  4:42  Drone  
  51  4:43  Drone  
  51  4:44  Zergling x2  
  56  4:48  Drone x2  
  56  4:49  Drone  
  59  4:53  Spore Crawler  
  59  4:56  Zergling x4  
  59  4:59  Zergling x4  
  62  5:01  Zergling x2  
  62  5:04  Zergling x2  
  62  5:07  Zergling x2  
  62  5:09  Zergling x2  
  62  5:12  Zergling x4  
  63  5:14  Zergling x4  
  63  5:18  Zergling x2  
  63  5:19  Zergling x2  
  61  5:23  Zergling x2  
  61  5:29  Zergling x2  
  61  5:30  Zergling x2  
  62  5:40  Zergling x2, Drone x2  
  62  5:43  Drone  
  62  5:45  Zergling x2  
  62  5:46  Drone x2  
  62  5:47  Zergling x4  
  65  5:50  Drone  
  65  5:58  Overlord  
  65  6:00  Overlord  
  65  6:08  Overlord  
  66  6:18  Drone x2  
  66  6:20  Zergling x2, Drone x4  
  66  6:21  Drone  
  66  6:22  Drone  
  66  6:25  Lair  
  74  6:27  Drone x2  
  74  6:30  Zergling x2  
  75  6:33  Zergling x2  
  75  6:35  Zergling x6  
  73  6:40  Zergling x2  
  73  6:41  Zergling x2  
  73  6:43  Zergling x2  
  73  6:49  Zergling x2  
  73  6:50  Drone  
  70  6:54  Zergling x2  
  70  6:55  Drone x2  
  70  6:56  Drone  
  70  6:57  Extractor  
  70  6:59  Drone, Extractor  
  70  7:00  Extractor  
  70  7:02  Drone x3  
  70  7:06  Drone x2  
  75  7:11  Drone  
  75  7:12  Queen  
  78  7:18  Drone  
  78  7:19  Drone x3, Overlord  
  78  7:22  Drone  
  83  7:31  Overlord  
  83  7:32  Drone x4  
  83  7:33  Drone x2  
  83  7:35  Zergling x2  
  88  7:37  Drone  
  88  7:40  Zergling x2  
  88  7:42  Drone, Extractor  
  90  7:44  Extractor  
  90  7:45  Spire  
  90  7:48  Zergling x4  
  90  7:50  Zergling x2  
  91  7:51  Zergling x4  
  91  7:56  Spine Crawler  
  91  7:57  Zergling x2, Spine Crawler x2  
  91  7:58  Roach Warren  
  87  8:02  Zergling x6, Queen  
  87  8:03  Overlord  
  92  8:08  Overlord  
  75  8:48  Overseer  
  75  8:50  Drone  
  75  8:51  Drone x3  
  79  8:55  Hydralisk Den  
  79  8:57  Mutalisk  
  79  8:58  Mutalisk x10  
  79  9:00  Zergling x8  
  79  9:01  Zergling x2, Hatchery  
  104  9:03  Overlord  
  104  9:07  Zerg Flyer Weapons Level 1  
  104  9:08  Zergling x8  
  108  9:13  Zergling x6  
  108  9:14  Overlord  
  108  9:15  Drone  
  109  9:21  Mutalisk  
  109  9:24  Zergling x4  
  113  9:26  Overlord  
  113  9:27  Hydralisk  
  113  9:28  Lurker Den  
  115  9:36  Mutalisk x2  
  118  9:50  Hydralisk x4  
  118  9:51  Overlord x4  
  126  9:56  Hydralisk x2  
  132  10:00  Spine Crawler  
  132  10:01  Zergling x4, Spine Crawler  
  132  10:02  Hydralisk  
  132  10:03  Hydralisk  
  132  10:05  Zergling x4  
  134  10:12  Hydralisk x2  
  138  10:14  Zergling x2  
  138  10:17  Hydralisk  
  139  10:21  Hydralisk x2  
  139  10:23  Zergling x2  
  139  10:24  Hydralisk  
  139  10:26  Zergling x2  
  140  10:31  Hydralisk x3  
  140  10:33  Zergling x4, Hydralisk  
  140  10:35  Zergling x2  
  128  10:37  Hydralisk x2  
  128  10:40  Hydralisk  
  126  10:47  Hydralisk, Queen  
  113  10:52  Hydralisk  
  113  10:53  Drone  
  113  10:54  Drone  
  108  10:58  Lurker  
  108  11:00  Drone  
  108  11:01  Zergling x2  
  111  11:04  Drone x2  
  111  11:08  Hydralisk  
  111  11:09  Drone  
  114  11:13  Drone  
  114  11:16  Hydralisk  
  117  11:20  Zergling x4  
  117  11:21  Zergling x4  
  119  11:25  Drone  
  119  11:26  Drone x2  
  119  11:27  Zergling x2  
  119  11:28  Lurker x2  
  119  11:31  Zergling x4  
  127  11:34  Drone  
  127  11:35  Lurker  
  127  11:36  Zergling x4  
  127  11:39  Overseer  
  131  11:43  Zergling x6  
  131  11:44  Lurker  
  135  11:48  Zergling x2  
  135  11:49  Zergling x4  
  135  11:52  Zergling x2  
  137  11:56  Lurker x2  
  138  12:07  Hydralisk x4  
  144  12:09  Drone x4  
  144  12:11  Drone x2  
  144  12:12  Drone  
  147  12:23  Hydralisk x4  
  147  12:28  Zergling x2  
  150  12:35  Hydralisk x3  
  152  12:39  Zergling x2  
  155  12:44  Lurker x2  
  155  12:46  Zergling x6  
  155  12:49  Hydralisk x2  
  155  12:50  Drone x2, Queen  
  162  12:52  Zergling x2  
  162  12:54  Zergling x2  
  159  12:58  Hydralisk  
  159  13:00  Hydralisk x3  
  159  13:04  Hydralisk  
  159  13:05  Zergling x2, Hydralisk  
  165  13:12  Hydralisk x2  
  165  13:16  Zergling x2  
  165  13:19  Zergling x6  
  168  13:22  Hydralisk x2  
  168  13:23  Extractor  
  171  13:32  Muscular Augments  
  171  13:33  Zergling x4  
  171  13:34  Zergling x4  
  174  13:35  Hydralisk  
  174  13:38  Overlord  
  175  13:43  Hydralisk  
  174  13:50  Hydralisk x2  
  174  13:55  Overlord  
  175  13:58  Overlord  
  175  14:06  Extractor  
  174  14:10  Hydralisk x5  
  174  14:13  Overlord  
  184  14:23  Lurker x4  
  188  14:24  Zergling x10  
  188  14:25  Zergling x4  
  188  14:27  Hydralisk  
  188  14:30  Zergling x2  
  198  14:36  Hatchery  

Tags
 
Add a new tag
Caveats
  • Supply blocks, unpowered buildings, or Contaminate may cause inaccurate times.
  • Supply counts are checked every 10 seconds.